[Event "Early-Titled-Tuesday-Blitz-September-26-2023"]
[Site "Chess.com"]
[Date "2023.09.26"]
[Round "10"]
[White "Botvinnak"]
[Black "gueraumasague"]
[Result "1/2-1/2"]
[WhiteElo "2328"]
[BlackElo "2458"]
[TimeControl "180+1"]
[EndTime "9:57:19 PDT"]
[Termination "Game drawn by repetition"]

1. Nf3 g6 2. g3 d6 3. Bg2 Nf6 4. O-O Bg7 5. d4 Bf5 6. b3 O-O 7. Bb2 Nc6 8. Nbd2 Ne4 9. Nc4 a5 10. Ne3 Bd7 11. a3 f5 12. c4 h6 13. Rb1 e6 14. d5 Ne5 15. dxe6 Bxe6 16. Nd4 Bd7 17. Nd5 c6 18. Nf4 Qe8 19. Nd3 Qe7 20. Qc2 Kh7 21.
Nf4 Ng4 22. e3 Rae8 23. Rbd1 Bc8 24. Rde1 Qf7 25. Nf3 Ne5 26. Rd1 g5 27. Nd3 Ng4 28. Bxg7 Qxg7 29. Rde1 Qc3 30. Qxc3 Nxc3 31. Nd4 Nf6 32.
Rc1 Nce4 33. h3 Kg6 34. Rfd1 Re7 35. Ne2 Rfe8 36. Nc3 Rd8 37. Na4 Be6 38. Ne1 Bg8 39. Nf3 Red7 40. Nd4 d5 41. cxd5 Bxd5 42. b4 axb4 43.
axb4 Re7 44. Nc5 Rde8 45. b5 cxb5 46. Nxb5 Bc6 47. Nd4 Bd5 48. Rc2 Nxc5 49. Rxc5 Bxg2 50.
Kxg2 Re5 51. Rdc1 R8e7 52. R1c4 b6 53. Rc6 Rb7 54. Rb4 b5 55. Ra6 Kf7 56. Ra5 h5 57.
Rbxb5 Rbxb5 58. Nxb5 Ne4 59. Ra7+ Ke6 60. Nd4+ Kf6 61.
Ra6+ Kg7 62. Ra7+ Kg6 63. Ra6+ Nf6 64. Nc6 Re8 65. Ra7 Re6 66. Ne7+ Kf7 67. Nxf5+ Kf8 68. Nd4 Rb6 69. Nf5 Rb5 70. Nd4 Rd5 71. Ra6 Kg7 72. Re6 Kg6 73. Nc6 g4 74. Ne5+ Kf5 75. Re7 Rxe5 76.
hxg4+ hxg4 77. Rg7 Ra5 78. Rf7 Ra2 79. Rf8 Ke6 80.
Rb8 Ne4 81. Re8+ Kf5 82. Rf8+ Nf6 83. Rf7 Kg6 84. Re7 Rb2 85. Kg1 Rd2 86. Kg2 Rb2 87.
Kg1 Rb4 88. Kg2 Kf5 89. Re8 Rc4 90. Re7 Ne4 91. Rf7+ Ke6 92. Rf4 Nd6 93. Rxc4 Nxc4 94.
f3 Nxe3+ 95. Kf2 Nf5 96. fxg4 Nh6 97. Kf3 Kf6 98. Kf4 Kg6 99. g5 Nf7 100. g4 Nxg5 101.
Kg3 Nh7 102. Kf4 Ng5 103. Kg3 Nf7 104. Kf4 Nh6 105. Kg3 Nf7 106. Kf4 Ng5 1/2-1/2

[Event "Early-Titled-Tuesday-Blitz-September-26-2023"]
[Site "Chess.com"]
[Date "2023.09.26"]
[Round "10"]
[White "Nasrin_Babayeva"]
[Black "ChessArchitect64"]
[Result "0-1"]
[WhiteElo "1874"]
[BlackElo "2238"]
[TimeControl "180+1"]
[EndTime "9:57:24 PDT"]
[Termination "ChessArchitect64 won by checkmate"]

1. e4 e6 2. Qe2 c5 3. f4 Nc6 4. d3 g6 5. c3 Bg7 6. Be3 d6 7. Nd2 Nge7 8. Ngf3 O-O 9. Qf2 b6 10.
g3 d5 11. Bg2 Bb7 12. O-O Qd7 13. e5 Nf5 14. d4 cxd4 15. Bxd4 h5 16. h3 Ncxd4 17.
cxd4 Rfc8 18. g4 hxg4 19. hxg4 Ne7 20. Qh4 Rc2 21. Rab1 Ba6 22. Rfc1 Rac8 23. Rxc2 Rxc2 24. Nf1 Qb5 25. Qxe7 Qe2 26. Qd8+ Bf8 27. Ne1 Rxb2 28. Rxb2 Qxb2 29. Nf3 Be2 30. Qc7 Bxf3 31. Bxf3 Qxd4+ 32. Kg2 Qxf4 33. Qb7 Qxe5 34. Qxa7 Qb2+ 35. Kh3 Bd6 36. Qa8+ Kg7 37. Qa4 Be5 38. Qb3 Qf2 39. Qe3 Qxf1+ 40. Bg2 Qf4 41. Qxf4 Bxf4 42. a4 g5 43. Bf3 Kf6 44.
Kg2 Ke5 45. Kf1 Kd4 46. Ke2 e5 47. Kd1 e4 48. Be2 Ke3 49. Kc2 d4 50. Bf1 d3+ 51. Kd1 Kf2 52. Bxd3 exd3 53. a5 Ke3 54. a6 Bb8 55. a7 Bxa7 56. Ke1 b5 57. Kd1 b4 58. Kc1 Bd4 59. Kd1 b3 60. Kc1 b2+ 61. Kb1 d2 62. Ka2 d1=Q 63. Ka3 Qa1+ 64. Kb3 b1=Q+ 65. Kc4 Qc3+ 66.
Kd5 Qc5# 0-1

[Event "Early-Titled-Tuesday-Blitz-September-26-2023"]
[Site "Chess.com"]
[Date "2023.09.26"]
[Round "10"]
[White "imdvb6307"]
[Black "bazar-wokzal"]
[Result "0-1"]
[WhiteElo "2491"]
[BlackElo "2671"]
[TimeControl "180+1"]
[EndTime "9:57:25 PDT"]
[Termination "bazar-wokzal won on time"]

1. d4 Nf6 2. Nf3 e6 3. Bg5 h6 4. Bxf6 Qxf6 5. e4 g5 6. c3 g4 7. Ne5 h5 8. h3 g3 9. fxg3 d6 10. Nd3 Nc6 11. Qf3 Qg7 12. Nd2 Bd7 13. O-O-O O-O-O 14.
Be2 Be7 15. Rhf1 Rh7 16. Nf4 h4 17. g4 Bg5 18. Nh5 Qh6 19. Kc2 e5 20. d5 Ne7 21.
Nf6 Rg7 22. Nxd7 Rxd7 23. Bb5 c6 24. dxc6 bxc6 25. Ba6+ Kb8 26. Nc4 Qe6 27. Ne3 Bxe3 28. Qxe3 Qxa2 29. Ra1 Qe6 30. Ra3 Ka8 31. Rb3 Rg8 32.
Ra1 Rb8 33. Rba3 d5 34. exd5 Nxd5 35. Qc5 Qd6 36. Qxd6 Rxd6 37. Bd3 Rb7 38. Be4 Ne3+ 39. Kb1 Kb8 40. b3 Rd1+ 41. Kb2 Rd2+ 42. Kc1 Re2 43.
R1a2 Rxa2 44. Rxa2 Rxb3 45. Kd2 Nc4+ 46. Kd3 Nd6 47.
Bxc6 Kc7 48. Bd5 Rb1 49. Rf2 Kb6 50. Kc2 Ra1 51. Kb2 Rd1 52. Bxf7 Kc5 53. Bg6 a5 54.
Bc2 Nc4+ 55. Kb3 Re1 56. g5 Ra1 57. Bh7 a4+ 58. Kc2 Ra2+ 59. Kd3 Rxf2 60. g6 Rxg2 61. Ke4 a3 62. Kf5 a2 63. Kf6 a1=Q 64. g7 Qxc3 65. Bg6 e4+ 66. Kf7 Ne5+ 67. Kf8 Rxg6 0-1

[Event "Early-Titled-Tuesday-Blitz-September-26-2023"]
[Site "Chess.com"]
[Date "2023.09.26"]
[Round "10"]
[White "campochess"]
[Black "rose107"]
[Result "0-1"]
[WhiteElo "2167"]
[BlackElo "2106"]
[TimeControl "180+1"]
[EndTime "9:57:26 PDT"]
[Termination "rose107 won by resignation"]

1. d4 d5 2. Bg5 Nf6 3. Nd2 Bf5 4. c3 e6 5. Qb3 Qc8 6. Ngf3 c5 7. Bxf6 gxf6 8. dxc5 Bxc5 9. e3 Nc6 10. Qa4 O-O 11. Qh4 Be7 12. Qh6 Bg6 13. h4 Rd8 14. h5 Bf8 15.
Qf4 Bf5 16. g4 Bd6 17. Qh6 Bc2 18. Qxf6 Be7 19. Qf4 Qb8 20. Qxb8 Raxb8 21. Nb3 Bxb3 22. axb3 e5 23. Bb5 a6 24. Be2 d4 25. O-O-O dxe3 26. fxe3 e4 27. Nd4 Bg5 28. Nc2 Na5 29. Bc4 Rxd1+ 30.
Rxd1 Rc8 31. Bd5 Kg7 32. Kb1 Rd8 33. c4 Nxb3 34. Rf1 Nd2+ 35. Ka2 Nxf1 36. Bxe4 Nxe3 37.
Nb4 Nxc4 38. Nd5 Nd2 39. Bg2 Rd6 40. b3 b5 41. Kb2 a5 42. Kc2 a4 43. bxa4 bxa4 44.
Nc3 a3 45. Ba8 Ra6 46. Bd5 Ra5 47. Ba2 Rc5 48. Kd3 Nf3 49. Ne4 Ne5+ 50. Kd4 Ra5 51. Nxg5 Nc6+ 52. Kc4 Rxg5 53. Kb3 Rxg4 54. Kxa3 Rh4 55.
Bd5 Ne5 56. Kb2 Rxh5 57. Kc2 Rg5 58. Kd1 h5 59. Ke2 h4 60. Kf2 Kf6 61. Bb7 h3 62.
Ke3 h2 63. Kf4 Rg1 64. Bd5 h1=Q 65. Bxh1 Rxh1 66. Kg3 Ke6 67. Kg2 f5 68. Kxh1 f4 69. Kg2 Kf5 70. Kf2 Ke4 71. Ke2 f3+ 72. Kf2 Nd3+ 73. Kg1 Ke3 74. Kf1 f2 75. Kg2 Ke2 76.
Kg3 f1=Q 0-1

[Event "Early-Titled-Tuesday-Blitz-September-26-2023"]
[Site "Chess.com"]
[Date "2023.09.26"]
[Round "10"]
[White "Alexei_Gubajdullin"]
[Black "C_K_G"]
[Result "1/2-1/2"]
[WhiteElo "2695"]
[BlackElo "1952"]
[TimeControl "180+1"]
[EndTime "9:57:27 PDT"]
[Termination "Game drawn by repetition"]

1. d4 d5 2. Nf3 e6 3. Bf4 Nf6 4.
Nbd2 Bd6 5. Bg3 O-O 6. e3 c5 7. c3 Nc6 8. Ne5 Qc7 9. f4 c4 10. Bh4 Nd7 11. Be2 f6 12. Ng4 e5 13. f5 exd4 14.
exd4 Re8 15. O-O b5 16. h3 Bg3 17. Bxg3 Qxg3 18. Rf3 Qd6 19. Nf1 Nb6 20. Qd2 Bd7 21.
Rg3 Kh8 22. Nfe3 Re7 23. Rf3 Rae8 24. a3 a5 25. Bf1 Re4 26. Qf2 b4 27. axb4 axb4 28.
Ra6 Nb8 29. Ra7 bxc3 30. bxc3 Na4 31. Nd1 Qb6 32. Rxd7 Nxd7 33. Nge3 Qd6 34. Rg3 R8e7 35. Qf3 Nf8 36. h4 Qd7 37. h5 h6 38. Qf2 Qd6 39.
Be2 Rf4 40. Bf3 Nb6 41. Qb2 Nfd7 42. Qb5 Re8 43. Rh3 Rfe4 44. Bxe4 Rxe4 45. Rf3 Re7 46. g3 Kh7 47. Nf2 Qc7 48. Nxd5 Nxd5 49. Qxd5 Nb6 50. Qc5 Qb7 51. d5 Nxd5 52. Kg2 Nxc3 53.
Qxc4 Ne4 54. Nxe4 Qxe4 55. Qxe4 Rxe4 56. Ra3 Re5 57. g4 Re4 58. Kf3 Re5 59. Ra7 Rc5 60. Rb7 Ra5 61. Rc7 Ra3+ 62. Kf4 Ra5 63. Kf3 Re5 64. Kf4 Ra5 65. Kf3 1/2-1/2

[Event "Early-Titled-Tuesday-Blitz-September-26-2023"]
[Site "Chess.com"]
[Date "2023.09.26"]
[Round "10"]
[White "bubeliang"]
[Black "JoliyRoger"]
[Result "0-1"]
[WhiteElo "2625"]
[BlackElo "2520"]
[TimeControl "180+1"]
[EndTime "9:57:28 PDT"]
[Termination "JoliyRoger won by checkmate"]

1. e4 c6 2. d4 d5 3. Nc3 dxe4 4. Nxe4 Bf5 5. Ng3 Bg6 6. Nh3 e6 7. Nf4 Bd6 8. h4 Bxf4 9. Bxf4 h6 10. c3 Nf6 11. Be5 Nbd7 12. Be2 O-O 13. f4 Nd5 14. c4 Ne3 15. Qd2 Nc2+ 16. Kf2 Nxa1 17. Rxa1 Nxe5 18. fxe5 Qxh4 19. Rh1 Qg5 20. Qxg5 hxg5 21. Bg4 Rfd8 22. Ke3 Rd7 23. c5 b6 24. b4 a5 25. Bf3 axb4 26. Bxc6 Ra3+ 27. Kf2 Rxa2+ 28. Ne2 Rxd4 29. cxb6 Rd8 30.
Ke3 Ra3+ 31. Kf2 Rb8 32. b7 Ra6 33. Bf3 Rb6 34. Rd1 b3 35. Nc3 R6xb7 36. Bxb7 Rxb7 37.
Nb1 Bxb1 38. Rxb1 b2 39. Ke3 Kh7 40. Kd4 Kg6 41. Ke4 Rb4+ 42. Kd3 Kf5 43. Kc3 Rb5 44. Kc2 Kxe5 45. Re1+ Kf4 46. Kb1 Rb6 47. Rf1+ Kg3 48.
Rxf7 Kxg2 49. Rxg7 Rb5 50. Rg6 Kg3 51. Rxe6 g4 52.
Re3+ Kf2 53. Re8 g3 54. Rf8+ Kg2 55. Rg8 Kf2 56. Rf8+ Kg1 57. Rg8 g2 58. Rg7 Rb3 59. Rg6 Kf2 60. Rf6+ Rf3 61. Rg6 Rg3 62. Rf6+ Ke3 63.
Kxb2 g1=Q 64. Rc6 Qf2+ 65. Rc2 Qf6+ 66. Kb1 Rg1+ 67. Ka2 Ra1+ 68. Kb3 Qb6+ 69. Kc4 Ra4+ 70. Kd5 Rd4+ 71. Ke5 Qd6+ 72. Kf5 Rf4+ 73. Kg5 Qf6+ 74. Kh5 Rh4# 0-1

[Event "Early-Titled-Tuesday-Blitz-September-26-2023"]
[Site "Chess.com"]
[Date "2023.09.26"]
[Round "10"]
[White "Irina_Mikhaylova"]
[Black "Francisco_Ferrari"]
[Result "1/2-1/2"]
[WhiteElo "2303"]
[BlackElo "2396"]
[TimeControl "180+1"]
[EndTime "9:57:28 PDT"]
[Termination "Game drawn - insufficient material"]

1. d4 Nf6 2. c4 e6 3. Nf3 d5 4.
Nc3 Be7 5. Bg5 O-O 6. e3 h6 7. Bh4 b6 8. a3 Bb7 9. Qc2 Nbd7 10. Rd1 Rc8 11. Bd3 c5 12. cxd5 Nxd5 13. Bxe7 Qxe7 14. Nxd5 Bxd5 15. Qb1 cxd4 16. Nxd4 Ne5 17. Be4 Bc4 18. f3 Rfd8 19. Kf2 f5 20. Bc2 f4 21. exf4 Nf7 22. b4 Qf6 23. Ne2 Rxd1 24. Rxd1 Qh4+ 25. Ng3 Qxf4 26. Be4 Ng5 27. Qc1 Nxe4+ 28.
Nxe4 Qxh2 29. Qe3 Qh4+ 30. Ng3 Qf6 31. Qd4 Qxd4+ 32. Rxd4 Bd5 33. Ne4 Rc2+ 34. Kg3 Ra2 35. Nc3 Rxa3 36. Nxd5 exd5 37. Rxd5 Rb3 38. Rd8+ Kh7 39.
Rd7 Rxb4 40. Rxa7 b5 41. Rb7 Rb3 42. Kh3 b4 43. Kg4 Rb2 44. g3 b3 45. f4 Rb1 46.
Kh3 b2 47. Kg2 Kg6 48. Rb5 Kf6 49. g4 g6 50. Kh2 h5 51. gxh5 gxh5 52. Kg2 Kg6 53.
Kh2 h4 54. Kg2 h3+ 55. Kh2 Kf6 56. Rb8 Kf5 57. Rb4 Kg4 58. Rb8 Kxf4 59. Rb4+ Ke3 60. Rb8 Kd2 61. Rd8+ Kc2 62. Rc8+ Kb3 63. Rb8+ Kc4 64. Rc8+ Kd5 65. Rd8+ Kc6 66. Rb8 Kc7 67. Rb3 Kc6 68. Rb8 Kd6 69. Rb3 Ke5 70. Rb8 Kf4 71.
Rf8+ Kg5 72. Rb8 Kg4 73. Rb4+ Kf3 74. Rb8 Rf1 75. Rb3+ Ke4 76. Rxb2 Rf3 77. Rb8 Re3 78. Re8+ Kf3 79. Rxe3+ Kxe3 80. Kxh3 1/2-1/2

[Event "Early-Titled-Tuesday-Blitz-September-26-2023"]
[Site "Chess.com"]
[Date "2023.09.26"]
[Round "10"]
[White "MAGMAchess02"]
[Black "Darko-Dimitrijevic"]
[Result "1-0"]
[WhiteElo "2385"]
[BlackElo "2100"]
[TimeControl "180+1"]
[EndTime "9:57:28 PDT"]
[Termination "MAGMAchess02 won by resignation"]

1. e4 d6 2. d4 Nf6 3. Nc3 c6 4. Nf3 Qa5 5. Bd3 e5 6. O-O Nbd7 7. h3 Be7 8. a3 O-O 9. b4 Qc7 10. Bb2 Re8 11. dxe5 dxe5 12. Qe2 Nf8 13. Na4 Ng6 14.
Rfd1 h6 15. Kh2 Be6 16. g3 Rad8 17. c4 Bf8 18. Rac1 Bc8 19. c5 Nh7 20. Bc4 Qe7 21. Rc2 Ng5 22. Nxg5 Qxg5 23. Rcd2 h5 24. Qe3 Qxe3 25.
fxe3 Be7 26. Nc3 Bg5 27. Rxd8 Bxd8 28. Rd2 Bg5 29. Nd1 Kf8 30. Kg2 h4 31. g4 Ke7 32.
Kf3 Be6 33. Bxe6 Kxe6 34. Rd6+ Ke7 35. Nf2 Nf8 36. Nd3 f6 37. a4 Ne6 38. a5 a6 39. Bc1 Rd8 40. Rxd8 Kxd8 41. Nb2 Bh6 42. Nc4 g6 43. Nd6 Kc7 44. Nf7 Bf8 45. Bb2 Nd8 46. Nxd8 Kxd8 47. g5 Ke7 48. gxf6+ Kxf6 49. Kg4 g5 50.
Bc1 Be7 51. Bb2 Bd8 52. Bc3 Be7 53. Kh5 Bf8 54. Bb2 Be7 55. Bc1 Kg7 56. Bd2 Bf6 57. Bc3 Kh7 58. Kg4 Kg6 59. Be1 Bd8 60. Bf2 Be7 61.
Bg1 Bf6 62. Bh2 Be7 63. Bxe5 Bd8 64. Bd6 Bf6 65. e5 Bd8 66. e6 Kf6 67. e7 Bxe7 68. Bxe7+ Kxe7 69. Kxg5 Ke6 70. Kxh4 Ke5 71. Kg5 Ke4 72.
h4 Kxe3 73. h5 Kd4 74. h6 Kc4 75. h7 Kxb4 76. h8=Q Kxc5 77. Qb2 Kd6 78. Qxb7 c5 79. Qb6+ Kd5 80. Qxa6 1-0

[Event "Early-Titled-Tuesday-Blitz-September-26-2023"]
[Site "Chess.com"]
[Date "2023.09.26"]
[Round "10"]
[White "Darius321"]
[Black "ExchangeAB"]
[Result "0-1"]
[WhiteElo "2331"]
[BlackElo "2440"]
[TimeControl "180+1"]
[EndTime "9:57:34 PDT"]
[Termination "ExchangeAB won on time"]

1. e4 c6 2. d4 d5 3. exd5 cxd5 4. c4 Nf6 5. Nc3 e6 6. cxd5 Nxd5 7. Bd3 Be7 8. Nf3 O-O 9. O-O h6 10. Re1 a6 11.
Qe2 Bf6 12. Ne4 Nc6 13. Nxf6+ Nxf6 14. Be3 Nb4 15. Bb1 Nbd5 16. Ne5 b5 17. Bd3 Bb7 18. Rad1 Nxe3 19. Qxe3 Qd5 20. f3 Qxa2 21. Rd2 Qd5 22. Be4 Nxe4 23. fxe4 Qd6 24. Rf1 f6 25. Ng4 Kh7 26.
Rf3 f5 27. Ne5 Bxe4 28. Rh3 Rf6 29. Ng4 Raf8 30. Nxf6+ Rxf6 31. Qg3 Qd5 32. Qe5 Qa2 33. Rg3 Qb1+ 34. Kf2 Qc1 35. Qf4 a5 36. h4 a4 37. h5 b4 38. Qe3 Qb1 39. Re2 f4 40. Qxe4+ Qxe4 41. Rxe4 fxg3+ 42. Kxg3 Rf5 43. d5 a3 44.
Rxb4 Rxd5 45. bxa3 Rd3+ 46. Kg4 Rxa3 47. Re4 Ra6 48. g3 Kg8 49. Rf4 Ra5 50. Re4 Kf7 51.
Rf4+ Ke7 52. Kh4 Rf5 53. Ra4 Kf6 54. Ra8 Rb5 55. Rf8+ Ke7 56. Rg8 Kf7 57. Ra8 e5 58.
Ra6 Rb4+ 59. Kh3 Rc4 60. g4 Rd4 61. Kg3 Rd3+ 62. Kg2 Rb3 63. Kf2 Rh3 64. Kg2 Rc3 65.
Kf2 Ke7 66. Kg2 Rd3 67. Kf2 Rd6 68. Ra7+ Kf6 69. Ra8 Kg5 70. Rg8 Kxg4 71. Rxg7+ Kxh5 72. Rg8 Rg6 73. Rh8 Kg5 74. Ke3 h5 75. Ke4 Kg4 76.
Kxe5 h4 0-1

[Event "Early-Titled-Tuesday-Blitz-September-26-2023"]
[Site "Chess.com"]
[Date "2023.09.26"]
[Round "10"]
[White "Rap_woyska"]
[Black "ActorXu"]
[Result "0-1"]
[WhiteElo "2531"]
[BlackElo "2710"]
[TimeControl "180+1"]
[EndTime "9:57:36 PDT"]
[Termination "ActorXu won by resignation"]

1. c4 c6 2. e4 d5 3. exd5 cxd5 4.
d4 Nf6 5. Nc3 e6 6. Nf3 Bb4 7.
cxd5 Nxd5 8. Bd2 O-O 9. Bd3 Nc6 10. O-O Be7 11. Re1 Nf6 12. Bf4 Nb4 13. Bb1 b6 14. a3 Nbd5 15. Bg3 Bb7 16. Qd3 Rc8 17. Ng5 Nxc3 18. bxc3 Qd5 19. Nf3 Qb3 20. Rc1 Be4 21. Qe3 Bxb1 22. Raxb1 Qxa3 23. Ra1 Qb3 24. Rxa7 Nd5 25.
Qe1 Ba3 26. Ra1 Bb2 27. Nd2 Qxc3 28. Rb1 Qxd4 29. Nf3 Qc3 30. Qxc3 Bxc3 31. h3 Ra8 32. Rb7 Rfc8 33. Ne5 Rcb8 34. Rxb8+ Rxb8 35. Nc4 Rb7 36. Nd6 Ra7 37. Nc4 Ra1 38. Rxa1 Bxa1 39. Kf1 b5 40. Na5 Bc3 41. Nb3 f6 42. Ke2 e5 43. Kd3 Kf7 44. Nc5 Bd4 45. Nb7 Nb4+ 46. Kd2 Ke6 47. Nd8+ Ke7 48.
Nb7 Kd7 49. Na5 Nc6 50. Nb3 Bb6 51. Kd3 Nd4 52. f4 Nxb3 53. fxe5 fxe5 54. Bxe5 g6 55. Ke4 Nc5+ 56. Kd5 b4 57. Kc4 b3 58. h4 Ke6 59.
Ba1 Kf5 60. g3 Kg4 61. Kb5 Nd3 62. Kxb6 b2 63. Bxb2 Nxb2 0-1

[Event "Early-Titled-Tuesday-Blitz-September-26-2023"]
[Site "Chess.com"]
[Date "2023.09.26"]
[Round "10"]
[White "amanmuhammethommadov"]
[Black "jjlai1111"]
[Result "1-0"]
[WhiteElo "2597"]
[BlackElo "2371"]
[TimeControl "180+1"]
[EndTime "9:57:42 PDT"]
[Termination "amanmuhammethommadov won by resignation"]

1. e4 c6 2. d4 d5 3. exd5 cxd5 4. c3 Nc6 5. Bd3 Nf6 6. Bf4 Bg4 7.
Qb3 Qc8 8. Nd2 e6 9. Ngf3 Be7 10.
O-O O-O 11. Qc2 Bh5 12. Ne5 Bg6 13. Nxg6 hxg6 14. Nf3 Qd7 15. Qe2 a6 16. a4 Na5 17.
g3 Rfc8 18. Ne5 Qe8 19. h4 Nd7 20. Nxd7 Qxd7 21. Kg2 Bd6 22. Bg5 Be7 23. Rh1 Bxg5 24. hxg5 Qd6 25. Qg4 Kf8 26. Rae1 Ke7 27. Re2 Nc4 28.
Rhe1 Rc6 29. Qh3 Rg8 30. Rh1 Rb6 31. b4 Rc6 32. Qh7 Kf8 33. Rh4 Rc8 34. Rf4 Ke7 35.
Qh4 Kf8 36. Bxg6 Rc7 37. Qh5 e5 38. Rxf7+ Rxf7 39. Bxf7 g6 40. Qf3 e4 41. Qg4 Kxf7 42. Re1 Qe6 43. Qf4+ Ke7 44. Rh1 Rg7 45. Rh8 Rf7 46. Qb8 Qd7 47. Rc8 Ke6 48. Re8+ Kf5 49. Rf8 Ke6 50. Re8+ Re7 51. Rf8 Rf7 52. Rg8 Nd6 53.
Rxg6+ Kf5 54. Qg8 Kg4 55. Rxd6 Rxf2+ 56. Kxf2 Qxd6 57. Ke2 Kxg3 58. Qf7 e3 59. g6 Kg4 60. g7 Qh2+ 61. Kxe3 Qg3+ 62. Kd2 Qg2+ 63. Kc1 Qg1+ 64. Kb2 Qg2+ 65. Kb3 1-0

[Event "Early-Titled-Tuesday-Blitz-September-26-2023"]
[Site "Chess.com"]
[Date "2023.09.26"]
[Round "10"]
[White "Bilan_Danila"]
[Black "viktorskliarov"]
[Result "0-1"]
[WhiteElo "2527"]
[BlackElo "2652"]
[TimeControl "180+1"]
[EndTime "9:57:46 PDT"]
[Termination "viktorskliarov won on time"]

1. d4 Nf6 2. Nf3 g6 3. Bg5 Bg7 4. c3 O-O 5. Nbd2 d5 6. e3 Bf5 7. Be2 Nbd7 8. O-O h6 9. Bh4 c5 10. h3 Qb6 11. Qb3 c4 12. Qa3 Rfe8 13. b3 cxb3 14. axb3 e5 15. dxe5 Nxe5 16. Nxe5 Rxe5 17. Nf3 Ree8 18. Nd4 Bd7 19. Bxf6 Bxf6 20. Rfd1 a6 21. Rac1 Rac8 22. Bf3 Re5 23. Ne2 Be7 24. Qb2 Qa5 25. c4 dxc4 26. Rxd7 Ba3 27. Qb1 Bxc1 28. Qxc1 c3 29. Nd4 Rc7 30. Rxc7 Qxc7 31. Qc2 b5 32. g3 b4 33. Be2 a5 34. Bc4 Kg7 35. Qa2 Rc5 36.
Bd3 h5 37. Qc2 Qe7 38. h4 Qf6 39. Kg2 Rc8 40. Be2 Ra8 41. Bf3 Ra7 42. Bd5 Rd7 43. Bc4 Rd8 44. Bd3 Ra8 45. Be4 Ra7 46. Bd5 Rd7 47. Bc4 a4 48. bxa4 Rxd4 49. exd4 Qc6+ 50. d5 Qxc4 51. d6 Qd5+ 52. Kh2 Qxd6 53. a5 Qa6 54. Qa4 c2 55. Qxc2 Qxa5 56. Qb2+ Kg8 57. Qf6 Qb5 58. Qd8+ Kg7 59. Qd4+ Kf8 60. Qd8+ Kg7 61. Qd4+ Kh7 62. Qf6 Qb7 63. g4 b3 64. gxh5 b2 65. h6 Qb8+ 66.
Kg2 Kxh6 67. Qg5+ Kh7 68. h5 b1=Q 69. hxg6+ Qxg6 0-1

[Event "Early-Titled-Tuesday-Blitz-September-26-2023"]
[Site "Chess.com"]
[Date "2023.09.26"]
[Round "10"]
[White "TheRigos"]
[Black "blitzking1729"]
[Result "0-1"]
[WhiteElo "2620"]
[BlackElo "2776"]
[TimeControl "180+1"]
[EndTime "9:57:59 PDT"]
[Termination "blitzking1729 won by resignation"]

1. Nf3 Nf6 2. g3 g6 3. b3 Bg7 4. Bb2 O-O 5. Bg2 Ne8 6. d4 c5 7. O-O Nc6 8. c4 d6 9. h3 Nc7 10. Qd2 cxd4 11. Nxd4 Bd7 12. e4 Qc8 13. Nxc6 bxc6 14.
Bxg7 Kxg7 15. Kh2 Rb8 16. Qa5 Qb7 17. e5 d5 18. Nd2 Qb6 19. Qc3 d4 20. Qc2 c5 21. f4 f5 22. exf6+ exf6 23. Rae1 Rbe8 24. Qd3 Qa5 25. a4 Na6 26. Ne4 f5 27. Nd2 Qc3 28. Qxc3 dxc3 29. Nf3 Bc6 30. Ne5 Bxg2 31. Kxg2 c2 32. Nd3 Rxe1 33. Rxe1 Rd8 34. Nc1 Nb4 35. Kf3 Rd2 36. g4 Kf6 37. Ke3 Rh2 38. g5+ Kf7 39. Kf3 Rxh3+ 40. Kg2 Rd3 41. Kf2 Rd2+ 42. Ke3 Rh2 43.
Ne2 Na2 44. Nc1 Nxc1 45. Rxc1 Rh3+ 46. Kd2 Rxb3 47. Rxc2 Rf3 48. Rb2 Rxf4 49. Rb7+ Ke6 50. Rxh7 Rxc4 51. Rg7 Rxa4 52. Rxg6+ Ke5 53. Rc6 Kd5 54.
Rc8 Rg4 55. Rc7 Rxg5 56. Rxa7 Rg3 57. Rf7 Ke5 58. Rc7 Kf4 59. Rf7 Rg2+ 60. Kd3 Rg1 61. Rc7 Re1 62. Rxc5 Re8 63. Kd2 Kg4 64. Rc7 f4 65. Rg7+ Kf3 66. Kd3 Rd8+ 67. Kc2 Ke2 68.
Re7+ Kf2 69. Rg7 f3 70. Re7 Kf1 71. Rg7 f2 72. Rg6 Rd5 73. Rg7 Ke2 74. Re7+ Kf3 75. Rf7+ Ke3 76. Re7+ Kf4 77. Re8 f1=Q 78. Rf8+ Rf5 79.
Rc8 Qe2+ 0-1

[Event "Early-Titled-Tuesday-Blitz-September-26-2023"]
[Site "Chess.com"]
[Date "2023.09.26"]
[Round "10"]
[White "FoxOnTheRun97"]
[Black "ferdipy"]
[Result "1-0"]
[WhiteElo "2550"]
[BlackElo "2311"]
[TimeControl "180+1"]
[EndTime "9:58:00 PDT"]
[Termination "FoxOnTheRun97 won by resignation"]

1. d4 e5 2. dxe5 d6 3. exd6 Bxd6 4. Nf3 Nc6 5. g3 Bg4 6. Bg2 Qe7 7. h3 Bh5 8. Bg5 f6 9. Bf4 O-O-O 10. Qc1 g5 11. Bxd6 Rxd6 12. Nc3 Nh6 13. O-O Nf7 14. Rd1 Rxd1+ 15.
Qxd1 g4 16. Nd5 Qe6 17. Nf4 Qf5 18. Nh4 Qc5 19. Bxc6 bxc6 20. Nxh5 Qxh5 21. hxg4 Qxg4 22. e3 Qe6 23. Qd3 Rd8 24. Qxh7 Ng5 25. Qf5 Qxf5 26. Nxf5 Rd2 27. Kg2 Rxc2 28. b3 Ne4 29. Rf1 Rxa2 30.
Nd4 c5 31. Ne6 Kd7 32. Nf4 Rb2 33. g4 Rxb3 34. Rd1+ Kc6 35. Kf3 Ng5+ 36. Kg3 Rb2 37. Nd3 Rc2 38. f4 Ne4+ 39. Kf3 Nc3 40. Rh1 Rd2 41.
Nf2 c4 42. g5 fxg5 43. fxg5 Nd5 44. Rg1 Ne7 45. g6 Rd6 46. g7 Ng8 47. Ne4 Re6 48. Kf4 Kd5 49. Ng5 Rf6+ 50. Kg4 Rg6 51. e4+ Ke5 52. Kh5 Rxg7 53. Nf3+ Kf6 54. e5+ Kf7 55. Rc1 Ne7 56. Rxc4 c6 57. Ra4 Rh7+ 58. Kg4 Ke6 59. Ng5+ Kxe5 60. Nxh7 Kd5 61. Rxa7 Ng6 62. Nf6+ Ke5 63.
Kg5 Nf4 64. Re7+ Ne6+ 65. Kg6 Kd6 66. Rd7+ Ke5 67. Kf7 Ng5+ 68. Ke7 c5 69. Ra7 Kd4 70. Ra5 Nf3 71. Kd6 c4 72. Nd5 Nd2 73. Ra4 Ne4+ 74. Kc6 Kd3 75. Nb6 c3 76. Nd5 c2 77. Nb4+ Kd2 78.
Nxc2 Nc3 79. Rd4+ Kxc2 80. Kc5 Kb3 81. Rh4 Ne2 82. Rh3+ Ka4 83. Kc4 Nf4 84. Rh8 Ka5 85.
Kc5 Ka4 86. Rh4 Kb3 87. Rxf4 Kc3 88. Rd4 1-0

[Event "Early-Titled-Tuesday-Blitz-September-26-2023"]
[Site "Chess.com"]
[Date "2023.09.26"]
[Round "10"]
[White "blitzo_vich"]
[Black "LionTheLeon_06"]
[Result "1-0"]
[WhiteElo "2654"]
[BlackElo "2798"]
[TimeControl "180+1"]
[EndTime "9:58:05 PDT"]
[Termination "blitzo_vich won by resignation"]

1. e4 c6 2. d3 d5 3. Nd2 g6 4. Ngf3 Bg7 5. g3 Nf6 6. Bg2 O-O 7. O-O Bg4 8. h3 Bxf3 9. Bxf3 e6 10. Bg2 a5 11. a4 Na6 12. c3 Nc5 13. e5 Nfd7 14.
Nf3 b5 15. axb5 cxb5 16. Bg5 Qc7 17. Be7 Rfe8 18. Bd6 Qb6 19. Qe2 Nb7 20. d4 Nxd6 21. exd6 b4 22. cxb4 Qxb4 23. Ra3 Qxd6 24. Rfa1 Qb6 25.
Qd2 Nb8 26. Rxa5 Rxa5 27. Rxa5 Nc6 28. Ra4 Rb8 29. Bf1 Bf6 30. Qf4 Qd8 31. Ra6 Nb4 32.
Ra7 Nc6 33. Ra6 Nb4 34. Ra4 Nc6 35. g4 Bg7 36. Ra6 Rc8 37. Ra4 h6 38. Bb5 Qc7 39. Qxc7 Rxc7 40. Ra8+ Kh7 41. Bxc6 Rxc6 42. Ra7 Kg8 43.
Ra8+ Bf8 44. Ne5 Rc7 45. Kg2 Kg7 46. Rb8 Bd6 47. Nd3 Rc4 48. Rb6 Rxd4 49. Rxd6 Rxd3 50. Rb6 g5 51. b4 Rb3 52. b5 h5 53. Rb7 h4 54. b6 Kf6 55. Rb8 Ke5 56. b7 f6 57.
Kf1 Rb2 58. Ke1 d4 59. Kf1 d3 60. Rd8 Rxb7 61. Rxd3 Rb4 62. Kg2 Rd4 63. Re3+ Re4 64.
Ra3 Rb4 65. Ra5+ Kd6 66. Ra6+ Kd5 67. Ra5+ Kc6 68. Ra6+ Rb6 69. Ra8 Kd6 70. Rf8 Ke5 71.
Rd8 Rb5 72. Rc8 f5 73. gxf5 exf5 74. Rg8 f4 75. Rxg5+ 1-0

[Event "Early-Titled-Tuesday-Blitz-September-26-2023"]
[Site "Chess.com"]
[Date "2023.09.26"]
[Round "10"]
[White "vugarrasulov"]
[Black "moro182"]
[Result "1/2-1/2"]
[WhiteElo "2961"]
[BlackElo "2867"]
[TimeControl "180+1"]
[EndTime "9:58:09 PDT"]
[Termination "Game drawn - insufficient material"]

1. e4 e5 2. Nf3 d6 3. d4 exd4 4. Nxd4 Nf6 5. Nc3 Be7 6. g3 O-O 7. Bg2 Re8 8. O-O Bf8 9. h3 c6 10. Re1 a5 11. g4 h6 12. a3 Na6 13. Bf4 Nc5 14. Qd2 Ne6 15. Bg3 d5 16. exd5 cxd5 17.
Rad1 Nxd4 18. Rxe8 Qxe8 19. Qxd4 Be6 20. Nxd5 Nxd5 21.
Bxd5 Rd8 22. c4 b5 23. b3 bxc4 24. bxc4 Bxa3 25. Bc7 Rd7 26. Bxa5 Qc8 27. Bc3 Bf8 28. Re1 Qa6 29. Ra1 Qc8 30. Qd3 Rd8 31. Qf3 Bxd5 32.
cxd5 Qc4 33. Rd1 Bd6 34. Kg2 Rc8 35. Bd4 Ra8 36. Be3 Re8 37. Rd4 Qb3 38. Re4 Rd8 39. Rd4 Bc5 40. Rd2 Bb4 41. Rd1 Bd6 42. Bf4 Qb4 43. Bxd6 Qxd6 44. Rd3 g6 45. Qe4 Kg7 46. Qd4+ Qf6 47. Kg3 g5 48. Qe4 Qd6+ 49. Kg2 Rd7 50. Qd4+ Qf6 51. f4 gxf4 52. Kf3 Kg6 53. Qxf6+ Kxf6 54. Kxf4 Ra7 55. d6 Ke6 56. Kg3 Rd7 57. Kh4 Kf6 58. Kh5 Kg7 59. h4 f6 60. Rd4 Kh7 61. Re4 Rxd6 62. Re7+ Kg8 63. Kg6 f5+ 64. Kxf5 Rd5+ 65. Kf6 Rd6+ 66. Re6 Rd4 67. g5 hxg5 68. Kg6 Rd8 69. hxg5 Rc8 70. Kh6 Rb8 71. g6 Rc8 72.
Rd6 Rb8 73. Rd7 Ra8 74. Rg7+ Kh8 75. Re7 Kg8 76. Kg5 Rb8 77. Kf6 Rb6+ 78. Re6 Rxe6+ 79. Kxe6 Kg7 80. Kf5 Kg8 81. Kf6 Kf8 82. Kg5 Kg7 83.
Kh5 Kg8 84. Kh6 Kh8 85. Kg5 Kg7 86. Kf5 Kg8 87. Kg4 Kg7 88. Kg5 Kg8 89. Kf6 Kf8 90. g7+ Kg8 91. Ke7 Kxg7 1/2-1/2